 Dungeon Crawl Stone Soup version 0.22.1-5-g62c59d9 (webtiles) character file.

1097 Gingerlord the Charlatan (level 8, -1/60 HPs)
             Began as a Human Artificer on Jan 8, 2019.
             Splashed by a jelly's acid (6 damage)
             ... on level 5 of the Dungeon.
             The game lasted 00:09:09 (5671 turns).

Gingerlord the Charlatan (Human Artificer)          Turns: 5671, Time: 00:09:09

Health: -1/60      AC: -3    Str: 19    XL:     8   Next: 57%
Magic:  11/11      EV:  9    Int: 12    God:
Gold:   331        SH:  0    Dex: 14    Spells: 7/7 levels left

rFire    . . .     SeeInvis .   n - +0 dagger (drain)
rCold    . . .     Gourm    +   (no shield)
rNeg     . . .     Faith    .   s - +0 chain mail
rPois    +         Spirit   .   (no helmet)
rElec    .         Reflect  .   (no cloak)
rCorr    .         Harm     .   q - +2 pair of gloves
MR       .....                  (no boots)
Stlth    ..........             y - amulet of the gourmand
HPRegen  0.20/turn              r - +5 ring of strength
MPRegen  0.12/turn              t - ring of poison resistance

@: corroded, drained
A: no striking features
a: no special abilities


You were on level 5 of the Dungeon.
You were not hungry.

You visited 1 branch of the dungeon, and saw 6 of its levels.

You collected 331 gold pieces.

Inventory:

Hand Weapons
 a - a +0 short sword
 n - a +0 dagger of draining (weapon)
Armour
 q - a +2 pair of gloves (worn)
 s - a +0 chain mail (worn)
Jewellery
 j - an uncursed amulet of faith
 r - a +5 ring of strength (left hand)
 t - a ring of poison resistance (right hand)
 y - an amulet of the gourmand (around neck)
Wands
 c - a wand of flame (11)
 e - a wand of random effects (15)
Scrolls
 d - 2 scrolls of remove curse {unknown}
 h - 2 scrolls of teleportation {unknown}
 i - 2 scrolls of fog
 k - a scroll of enchant weapon {unknown}
 l - 2 scrolls of immolation {unknown}
 m - a scroll of enchant armour
 o - a scroll of magic mapping {unknown}
 p - 2 scrolls of identify
 B - a scroll of noise {unknown}
Potions
 g - 3 potions of flight
 u - 2 potions of mutation
 v - a potion of agility
 w - a potion of magic
 x - a potion of haste {unknown}
 z - a potion of might
 A - a potion of curing {unknown}
Comestibles
 f - 7 rations


   Skills:
 + Level 4.1(3.2) Fighting
 + Level 4.2(3.2) Short Blades
 + Level 3.9(3.0) Armour
 + Level 4.7(3.8) Dodging
 - Level 1.0(0.1) Stealth
 + Level 5.1(4.1) Evocations


You had 7 spell levels left.
You didn't know any spells.
Your spell library contained the following spells:

 Spells                   Type           Power        Failure   Level  Hunger
 Beastly Appendage        Tmut           #.....       98%         1    ##.....
 Magic Dart               Conj           #...         98%         1    ##.....
 Searing Ray              Conj           #.....       99%         2    ###....
 Sticks to Snakes         Tmut           #.......     99%         2    ###....
 Dazzling Spray           Conj/Hex       #.....       100%        3    ####...
 Spider Form              Tmut/Pois      #.........   100%        3    ####...
 Force Lance              Conj/Tloc      #.......     100%        4    #####..
 Fulminant Prism          Conj/Hex       #.........   100%        4    #####..
 Ice Form                 Ice/Tmut       #.......     100%        4    #####..
 Iskenderun's Mystic Bla  Conj           #.......     100%        4    #####..
 Blade Hands              Tmut           #.........   100%        5    ######.


Dungeon Overview and Level Annotations

Branches:
Dungeon (6/15)
 Temple: D:4-7

Altars:
Gozag
Makhleb
Qazlal
Trog
Vehumet
Xom


Message History

The jelly is moderately wounded.
The jelly hits you but does no damage.
You hit the jelly but do no damage. The acid corrodes you!
Your hands burn!
The jelly is moderately wounded.
You hit the jelly but do no damage. The acid corrodes you!
Your hands burn!
* * * LOW HITPOINT WARNING * * *
The jelly is moderately wounded.
The jelly hits you but does no damage.
You hit the jelly. You drain the jelly! The acid corrodes you!
Your hands burn!
* * * LOW HITPOINT WARNING * * *
The jelly is heavily wounded.
The jelly hits you.
* * * LOW HITPOINT WARNING * * *
You are splashed with acid!
The acid burns!
* * * LOW HITPOINT WARNING * * *
Okay, then.
The jelly hits you.
* * * LOW HITPOINT WARNING * * *
The acid corrodes you!
You are splashed with acid!
The acid burns!
You die...

.# #.# #.###.## .#
#.# #......#
.########.# ####.#.#
..........# #.#.#
###.####.## #.#.# #
#.# #.# #.#.# # #.#
#.# #.#.# # #.# #.#
#J#.# ###.# #.#
#@#.#
....####)#######.#.#
#.......)..........#
#.####.#########.###
#.####.# #.#
.......#########.#
#.............##.#
#.##.#####.##.##.#
#.##.##.......##.#


You could see a jelly.

Vanquished Creatures
  Sigmund (D:2)
  2 ogres
  2 bullfrogs (D:6)
  3 scorpions
  2 hounds
  2 bullfrog skeletons (D:5)
  3 orc priests (D:3)
  An iguana (D:4)
  3 worker ants
  Robin (D:2)
  6 adders
  2 shadow imps (D:5)
  2 oozes
  4 worms
  2 dart slugs
  3 leopard geckos
  10 orcs
  5 giant cockroaches
  14 goblins
  13 hobgoblins
  2 quokkas
  A ball python (D:1)
  10 bats
  5 frilled lizards
  8 kobolds
  A leopard gecko skeleton (D:4)
  A quokka skeleton (D:5)
  7 rats
116 creatures vanquished.

Notes
Turn   | Place    | Note
-------+----------+-------------------------------------------
     0 | D:1      | Gingerlord the Human Artificer began the quest for the Orb.
     0 | D:1      | Reached XP level 1. HP: 15/15 MP: 3/3
   286 | D:1      | Reached XP level 2. HP: 7/21 MP: 4/4
   727 | D:1      | Reached XP level 3. HP: 20/26 MP: 5/5
   854 | D:1      | Found a shimmering altar of Xom.
   866 | D:1      | Reached skill level 1 in Armour
  1156 | D:2      | Noticed Robin
  1199 | D:2      | HP: 1/27 [goblin[Robin] (4)]
  1207 | D:2      | Killed Robin
  1207 | D:2      | Reached XP level 4. HP: 28/33 MP: 6/6
  2000 | D:2      | Found a radiant altar of Vehumet.
  2001 | D:2      | Found a stormy altar of Qazlal.
  2076 | D:2      | Reached XP level 5. HP: 33/38 MP: 7/7
  2237 | D:2      | Noticed Sigmund
  2247 | D:2      | Killed Sigmund
  2247 | D:2      | Reached skill level 4 in Evocations
  2247 | D:2      | Reached XP level 6. HP: 45/46 MP: 7/9
  2646 | D:3      | Reached XP level 7. HP: 33/51 MP: 10/10
  3948 | D:4      | Found a burning altar of Makhleb.
  3951 | D:4      | Found a shimmering altar of Xom.
  3958 | D:4      | Found a bloodstained altar of Trog.
  4498 | D:5      | Entered Level 5 of the Dungeon
  4518 | D:5      | Reached XP level 8. HP: 52/58 MP: 11/11
  5235 | D:6      | Reached skill level 5 in Evocations
  5595 | D:6      | Found an opulent altar of Gozag.
  5671 | D:5      | Splashed by a jelly's acid

Skill      XL: |  1  2  3  4  5  6  7  8 |
---------------+-------------------------+-----
Armour         | 1 2 3 |  3.9
Fighting       | 2 3 4 |  4.1
Short Blades   | 2 3 4 |  4.2
Dodging        | 3 4 |  4.7
Evocations     | 4 5 |  5.1
Stealth        | |  1.0

Action                   |  1- 3 |  4- 6 |  7- 9 || total
-------------------------+-------+-------+-------++-------
Melee: Short sword       |    45 |       |       ||    45
       Dagger            |    71 |   132 |   329 ||   532
Evoke: Wand              |     4 |       |       ||     4
  Use: Potion            |     4 |     1 |       ||     5
       Scroll            |       |       |     7 ||     7
 Stab: Sleeping          |     4 |     2 |       ||     6
  Eat: Chunk             |       |     6 |     8 ||    14
       Ration            |       |       |     1 ||     1
Armor: Leather armour    |    30 |     9 |       ||    39
       Skin              |    11 |     1 |       ||    12
       Chain mail        |       |    38 |   142 ||   180
Dodge: Dodged            |    77 |    50 |   108 ||   235
